[ AOE2 MATCH · #505757776 ]
UnrankedTurks vs Teutons
Player's team · LOSS
Rival team · WIN
[ REPLAY ANALYSIS · EXTRACTED FROM THE RECORDED GAME ]
Feudal
10:05
Castle
25:41
Imperial
—
| APM avg | 101.2 |
| APM peak | 146 |
| eAPM avg | 51.8 |
| Villagers / military | 53 / 39 |
Focus
⚔️ 74.8% · 🌾 25.2%
Skirmisher ×25 · Cavalry Archer ×8 · Scout Cavalry ×4 · Militia ×2
Feudal
8:27
Castle
23:50
Imperial
—
| APM avg | 156.4 |
| APM peak | 208 |
| eAPM avg | 77.9 |
| Villagers / military | 85 / 53 |
Focus
⚔️ 76.8% · 🌾 23.2%
Skirmisher ×33 · Spearman ×10 · Knight ×9 · Archer ×1
Match map
Initial resources + every placement click. Lines = walls · curves = elevation contours. ◆ gold · ⬟ stone · ● berries · ✦ relic · ◌ wall gap
Your base· Open — unwalled flank
ldx's base· Open — 5t gap
Smoothed initial terrain · ◌ = detected wall gap · hover for details
Inputs per minute
— wappla - - ldx
Build order — wappla
First 150 of 155 actions detected
| 0:00 | Create | Villager (Male) |
| 0:00 | Create | Villager (Male) |
| 0:00 | Create | Villager (Male) |
| 0:01 | Build | House |
| 0:02 | Build | House |
| 0:06 | Create | Villager (Male) |
| 1:25 | Create | Villager (Male) |
| 2:03 | Create | Villager (Male) |
| 2:13 | Create | Villager (Male) |
| 2:13 | Create | Villager (Male) |
| 2:38 | Create | Villager (Male) |
| 2:48 | Build | Barracks |
| 3:10 | Create | Villager (Male) |
| 3:22 | Build | House |
| 3:30 | Create | Villager (Male) |
| 3:42 | Create | Militia |
| 4:04 | Create | Villager (Male) |
| 4:11 | Build | House |
| 4:17 | Create | Militia |
| 4:29 | Create | Villager (Male) |
| 4:50 | Create | Villager (Male) |
| 5:19 | Create | Villager (Male) |
| 5:39 | Create | Villager (Male) |
| 5:59 | Create | Villager (Male) |
| 6:31 | Create | Villager (Male) |
| 6:34 | Build | Lumber Camp |
| 6:53 | Create | Villager (Male) |
| 7:06 | Research | Loom |
| 7:41 | Research | Feudal Age |
| 8:03 | Build | Lumber Camp |
| 8:46 | Build | Mill |
| 9:02 | Build | House |
| 9:18 | Build | House |
| 9:47 | Build | Palisade Wall |
| 9:51 | Create | Villager (Male) |
| 10:03 | Build | Palisade Wall |
| 10:05 | Age | Feudal Age |
| 10:07 | Create | Villager (Male) |
| 10:09 | Build | Archery Range |
| 10:19 | Build | Farm |
| 10:24 | Create | Villager (Male) |
| 10:34 | Research | Double-Bit Axe |
| 10:44 | Build | House |
| 10:47 | Create | Villager (Male) |
| 10:55 | Create | Skirmisher |
| 11:10 | Create | Skirmisher |
| 11:23 | Build | House |
| 11:27 | Build | Farm |
| 11:37 | Create | Villager (Male) |
| 11:49 | Create | Skirmisher |
| 12:00 | Build | Farm |
| 12:09 | Create | Villager (Male) |
| 12:10 | Create | Skirmisher |
| 12:21 | Create | Villager (Male) |
| 12:28 | Build | Farm |
| 12:33 | Build | House |
| 12:44 | Create | Villager (Male) |
| 13:05 | Build | Lumber Camp |
| 13:13 | Create | Villager (Male) |
| 13:14 | Create | Skirmisher |
| 13:27 | Create | Villager (Male) |
| 13:35 | Create | Villager (Male) |
| 13:59 | Create | Villager (Male) |
| 14:14 | Build | Farm |
| 14:22 | Create | Villager (Male) |
| 14:23 | Build | Farm |
| 14:26 | Create | Skirmisher |
| 14:29 | Build | House |
| 14:39 | Build | Farm |
| 14:46 | Create | Villager (Male) |
| 14:48 | Create | Skirmisher |
| 14:57 | Create | Villager (Male) |
| 15:02 | Build | Farm |
| 15:13 | Create | Skirmisher |
| 15:29 | Create | Villager (Male) |
| 15:32 | Build | Farm |
| 15:33 | Build | House |
| 15:53 | Create | Villager (Male) |
| 15:56 | Build | Farm |
| 15:58 | Build | Farm |
| 16:07 | Build | House |
| 16:09 | Create | Villager (Male) |
| 16:15 | Create | Skirmisher |
| 16:36 | Create | Villager (Male) |
| 16:36 | Create | Skirmisher |
| 16:40 | Build | Farm |
| 16:48 | Create | Skirmisher |
| 16:52 | Build | Farm |
| 17:10 | Create | Skirmisher |
| 17:12 | Build | Farm |
| 17:23 | Build | Farm |
| 17:41 | Create | Villager (Male) |
| 17:44 | Build | Stable |
| 17:47 | Build | House |
| 18:04 | Create | Villager (Male) |
| 18:04 | Create | Skirmisher |
| 18:15 | Create | Villager (Male) |
| 18:23 | Create | Skirmisher |
| 18:29 | Create | Skirmisher |
| 18:37 | Create | Skirmisher |
| 18:40 | Build | Farm |
| 18:49 | Build | Farm |
| 18:59 | Create | Skirmisher |
| 19:16 | Create | Villager (Male) |
| 19:23 | Create | Skirmisher |
| 19:35 | Create | Skirmisher |
| 19:36 | Create | Villager (Male) |
| 19:37 | Create | Villager (Male) |
| 19:45 | Create | Scout Cavalry |
| 19:49 | Create | Skirmisher |
| 19:54 | Build | Lumber Camp |
| 19:56 | Create | Skirmisher |
| 19:59 | Create | Scout Cavalry |
| 20:05 | Create | Skirmisher |
| 20:12 | Create | Villager (Male) |
| 20:22 | Create | Villager (Male) |
| 20:39 | Create | Skirmisher |
| 20:41 | Create | Scout Cavalry |
| 20:42 | Create | Villager (Male) |
| 20:48 | Create | Villager (Male) |
| 20:53 | Create | Villager (Male) |
| 20:56 | Build | Mining Camp |
| 21:11 | Create | Villager (Male) |
| 21:12 | Create | Scout Cavalry |
| 21:16 | Create | Villager (Male) |
| 21:17 | Build | Market |
| 21:19 | Research | Horse Collar |
| 21:38 | Build | Lumber Camp |
| 21:41 | Build | Mining Camp |
| 21:56 | Build | House |
| 22:14 | Build | Farm |
| 22:25 | Build | House |
| 22:25 | Build | House |
| 22:34 | Create | Villager (Male) |
| 22:52 | Research | Castle Age |
| 23:27 | Build | Blacksmith |
| 23:31 | Create | Skirmisher |
| 23:46 | Create | Skirmisher |
| 23:49 | Build | Archery Range |
| 24:00 | Build | House |
| 24:00 | Build | House |
| 24:12 | Research | Fletching |
| 24:21 | Build | Archery Range |
| 24:26 | Build | House |
| 25:19 | Build | Archery Range |
| 25:35 | Create | Villager (Male) |
| 25:41 | Age | Castle Age |
| 25:42 | Create | Cavalry Archer |
| 25:43 | Create | Cavalry Archer |
| 25:43 | Create | Cavalry Archer |
Build order — ldx
First 150 of 231 actions detected
| 0:00 | Create | Villager (Male) |
| 0:00 | Create | Villager (Male) |
| 0:01 | Build | House |
| 0:02 | Build | House |
| 0:03 | Create | Villager (Male) |
| 0:19 | Create | Villager (Male) |
| 1:26 | Create | Villager (Male) |
| 1:26 | Create | Villager (Male) |
| 1:35 | Create | Villager (Male) |
| 2:05 | Build | Lumber Camp |
| 2:06 | Create | Villager (Male) |
| 2:40 | Create | Villager (Male) |
| 3:13 | Create | Villager (Male) |
| 3:20 | Create | Villager (Male) |
| 3:50 | Build | House |
| 4:03 | Create | Villager (Male) |
| 4:17 | Create | Villager (Male) |
| 4:17 | Create | Villager (Male) |
| 5:04 | Create | Villager (Male) |
| 5:08 | Create | Villager (Male) |
| 5:15 | Build | Mill |
| 5:23 | Research | Loom |
| 5:24 | Research | Loom |
| 6:17 | Research | Feudal Age |
| 6:22 | Build | Palisade Wall |
| 6:23 | Build | Palisade Wall |
| 6:54 | Build | Palisade Wall |
| 6:55 | Create | Villager (Male) |
| 7:04 | Build | House |
| 7:06 | Create | Villager (Male) |
| 7:17 | Build | Barracks |
| 7:42 | Create | Villager (Male) |
| 7:54 | Create | Villager (Male) |
| 8:11 | Create | Villager (Male) |
| 8:27 | Age | Feudal Age |
| 8:29 | Build | Archery Range |
| 8:32 | Create | Villager (Male) |
| 8:36 | Create | Spearman |
| 8:38 | Create | Villager (Male) |
| 9:03 | Create | Skirmisher |
| 9:09 | Build | House |
| 9:10 | Create | Villager (Male) |
| 9:21 | Create | Skirmisher |
| 9:42 | Create | Skirmisher |
| 9:51 | Create | Skirmisher |
| 10:01 | Create | Villager (Male) |
| 10:01 | Create | Villager (Male) |
| 10:04 | Create | Skirmisher |
| 10:17 | Create | Skirmisher |
| 10:25 | Build | House |
| 10:30 | Build | Watch Tower |
| 10:39 | Build | Farm |
| 10:55 | Create | Villager (Male) |
| 10:56 | Create | Villager (Male) |
| 10:59 | Create | Villager (Male) |
| 11:01 | Build | Farm |
| 11:27 | Create | Villager (Male) |
| 11:29 | Build | Watch Tower |
| 11:33 | Create | Skirmisher |
| 11:39 | Build | Farm |
| 11:46 | Create | Skirmisher |
| 11:50 | Build | Palisade Wall |
| 11:50 | Build | Palisade Wall |
| 11:50 | Build | Palisade Wall |
| 11:51 | Build | Palisade Wall |
| 11:51 | Build | Palisade Wall |
| 11:51 | Build | Palisade Wall |
| 11:51 | Build | Palisade Wall |
| 11:54 | Create | Villager (Male) |
| 11:58 | Build | Farm |
| 12:01 | Create | Villager (Male) |
| 12:01 | Create | Villager (Male) |
| 12:02 | Create | Villager (Male) |
| 12:03 | Build | House |
| 12:14 | Build | Farm |
| 12:15 | Build | Farm |
| 12:20 | Create | Villager (Male) |
| 12:37 | Create | Skirmisher |
| 12:48 | Build | Farm |
| 12:54 | Research | Double-Bit Axe |
| 12:54 | Research | Double-Bit Axe |
| 13:01 | Create | Villager (Male) |
| 13:09 | Build | House |
| 13:10 | Build | House |
| 13:17 | Create | Spearman |
| 13:36 | Create | Villager (Male) |
| 13:43 | Create | Skirmisher |
| 13:50 | Build | Mining Camp |
| 14:01 | Create | Villager (Male) |
| 14:02 | Build | Farm |
| 14:03 | Build | Farm |
| 14:09 | Create | Villager (Male) |
| 14:09 | Create | Villager (Male) |
| 14:19 | Create | Skirmisher |
| 14:20 | Build | Farm |
| 14:24 | Create | Skirmisher |
| 14:36 | Build | Farm |
| 14:46 | Create | Skirmisher |
| 14:49 | Create | Skirmisher |
| 14:51 | Create | Villager (Male) |
| 14:59 | Create | Skirmisher |
| 15:02 | Create | Villager (Male) |
| 15:03 | Create | Villager (Male) |
| 15:15 | Build | Blacksmith |
| 15:26 | Create | Skirmisher |
| 15:30 | Create | Skirmisher |
| 15:30 | Create | Villager (Male) |
| 15:32 | Create | Villager (Male) |
| 15:34 | Build | Farm |
| 15:35 | Build | Farm |
| 16:05 | Create | Villager (Male) |
| 16:07 | Build | House |
| 16:09 | Research | Wheelbarrow |
| 16:15 | Build | House |
| 16:17 | Research | Fletching |
| 16:17 | Research | Fletching |
| 16:37 | Create | Skirmisher |
| 16:38 | Create | Skirmisher |
| 16:38 | Create | Skirmisher |
| 16:43 | Create | Villager (Male) |
| 16:45 | Build | Farm |
| 16:46 | Build | Farm |
| 17:04 | Create | Skirmisher |
| 17:28 | Create | Skirmisher |
| 17:28 | Create | Villager (Male) |
| 17:28 | Create | Villager (Male) |
| 17:29 | Create | Villager (Male) |
| 17:30 | Create | Villager (Male) |
| 17:31 | Build | Farm |
| 17:32 | Build | Farm |
| 17:44 | Create | Spearman |
| 17:52 | Create | Villager (Male) |
| 17:53 | Create | Villager (Male) |
| 17:55 | Build | Mining Camp |
| 17:56 | Create | Villager (Male) |
| 17:57 | Create | Villager (Male) |
| 18:01 | Create | Villager (Male) |
| 18:01 | Create | Villager (Male) |
| 18:21 | Create | Villager (Male) |
| 18:27 | Create | Villager (Male) |
| 18:27 | Create | Villager (Male) |
| 18:30 | Create | Spearman |
| 18:37 | Create | Villager (Male) |
| 18:39 | Build | Farm |
| 18:43 | Create | Spearman |
| 18:51 | Create | Villager (Male) |
| 19:00 | Create | Villager (Male) |
| 19:04 | Create | Spearman |
| 19:05 | Create | Villager (Male) |
| 19:07 | Build | Farm |
Match timeline
| 2:48 | wappla · first_building Barracks |
| 6:22 | ldx · wall_segment Palisade Wall x1 |
| 6:23 | ldx · wall_segment Palisade Wall x1 |
| 6:54 | ldx · wall_segment Palisade Wall x1 |
| 7:17 | ldx · first_building Barracks |
| 8:27 | ldx · age_up feudal |
| 8:29 | ldx · first_building Archery Range |
| 9:47 | wappla · wall_segment Palisade Wall x1 |
| 10:03 | wappla · wall_segment Palisade Wall x1 |
| 10:05 | wappla · age_up feudal |
| 10:09 | wappla · first_building Archery Range |
| 11:50 | ldx · wall_segment Palisade Wall x2 |
| 11:50 | ldx · wall_segment Palisade Wall x2 |
| 11:50 | ldx · wall_segment Palisade Wall x1 |
| 11:51 | ldx · wall_segment Palisade Wall x1 |
| 11:51 | ldx · wall_segment Palisade Wall x1 |
| 11:51 | ldx · wall_segment Palisade Wall x2 |
| 11:51 | ldx · wall_segment Palisade Wall x1 |
| 17:44 | wappla · first_building Stable |
| 21:18 | ldx · first_building Stable |
| 22:18 | ldx · wall_segment Palisade Wall x7 |
| 22:30 | wappla · first_market_sell 100 wood |
| 22:37 | wappla · first_market_buy 100 food |
| 23:39 | ldx · wall_segment Palisade Wall x1 |
| 23:41 | ldx · wall_segment Palisade Wall x1 |
| 23:50 | ldx · age_up castle |
| 25:41 | wappla · age_up castle |
| 26:07 | wappla · resign |
[ AI ANALYSIS · 1 CREDIT ]
What really happened in this match?
Wolo.gg analyzes every decision: build order, eco, micro, common mistakes by bracket. Personalized analysis on WhatsApp or Discord in 30 seconds.
Civ guide
Turks
Perfil
Jugador #9865998